Map: Pylon LE

Players

FalconsSolar (Solar)

  • Race: Zerg Zerg
  • Spawn Location: 5:00

Krystianer - Winner!

  • Race: Protoss Protoss
  • League: Master
  • Spawn Location: 11:00

VOD

Have the link to the VOD?

Description

Time

  • Played on: Nov. 9, 2025, 6:08 a.m.
  • Length: 11:24
Show
View Real Time Build Order
Export as new Build Order

FalconsSolar Zerg 

Build Orders: Hatch First 

Get SALT Encoding   

  12  0:00  Drone  
  13  0:09  Drone  
  14  0:14  Extractor  
  14  0:15  Drone  
  15  0:22  Overlord  
  15  0:42  Drone  
  16  0:46  Hatchery  
  16  0:49  Drone  
  16  0:52  Drone  
  16  0:56  Drone  
  18  1:07  Extractor  
  17  1:11  Spawning Pool  
  17  1:14  Drone  
  17  1:18  Drone  
  18  1:27  Drone  
  19  1:38  Drone  
  20  1:49  Drone  
  21  1:58  Zergling x2, Queen x2  
  21  1:59  Overlord  
  26  2:10  Drone x2  
  26  2:13  Metabolic Boost  
  28  2:21  Drone x2  
  30  2:34  Queen  
  32  2:39  Hatchery  
  32  2:41  Zergling x2  
  32  2:45  Overlord  
  32  2:48  Drone  
  32  2:50  Drone  
  34  2:53  Drone x2  
  36  3:03  Zergling x2  
  37  3:06  Drone x3  
  37  3:07  Zergling x2  
  41  3:13  Evolution Chamber  
  41  3:17  Drone x3  
  44  3:26  Spore Crawler  
  41  3:28  Queen  
  42  3:34  Drone x2  
  42  3:37  Overlord  
  44  3:48  Overlord  
  44  3:51  Drone x2  
  44  3:52  Drone x4  
  50  3:55  Drone  
  50  3:56  Drone x2  
  54  4:02  Drone  
  54  4:03  Drone x2  
  54  4:09  Evolution Chamber  
  55  4:10  Extractor, Zergling x2  
  55  4:11  Roach Warren  
  55  4:12  Zergling x2  
  55  4:14  Zergling x2  
  56  4:17  Drone  
  56  4:19  Extractor  
  56  4:23  Lair  
  58  4:25  Queen  
  58  4:27  Drone x2  
  62  4:31  Overlord  
  62  4:34  Drone x2  
  62  4:37  Zergling x4  
  66  4:40  Overlord  
  66  4:47  Extractor  
  66  4:48  Overlord, Extractor  
  66  4:49  Drone x2  
  66  4:51  Drone x2  
  66  4:52  Drone x2  
  69  4:54  Drone x2  
  69  4:57  Drone x2  
  69  4:59  Overlord  
  73  5:03  Zergling x4  
  72  5:08  Zergling x4  
  72  5:12  Drone  
  72  5:14  Drone  
  75  5:17  Drone x3  
  77  5:25  Drone x3, Extractor  
  77  5:28  Roach x2, Glial Reconstitution  
  83  5:31  Drone, Spire  
  83  5:34  Overlord  
  83  5:36  Roach  
  83  5:41  Drone  
  84  5:43  Drone x2  
  84  5:44  Drone  
  84  5:45  Overlord  
  85  5:50  Roach x2  
  85  5:53  Overlord  
  85  5:56  Drone, Extractor  
  89  5:59  Drone x5  
  91  6:06  Roach x2  
  91  6:10  Overlord  
  88  6:15  Drone  
  88  6:17  Overlord  
  87  6:20  Drone  
  87  6:22  Queen  
  84  6:26  Drone  
  84  6:28  Drone  
  84  6:29  Roach  
  84  6:30  Roach x2  
  92  6:33  Overlord  
  92  6:40  Mutalisk x4, Hatchery  
  92  6:44  Mutalisk  
  101  6:48  Mutalisk  
  101  6:52  Mutalisk x2  
  107  6:57  Overlord  
  107  6:58  Roach x2  
  111  7:02  Overlord  
  111  7:04  Drone  
  111  7:05  Drone  
  111  7:06  Evolution Chamber, Drone  
  113  7:10  Overlord x2  
  113  7:11  Overseer  
  113  7:13  Drone  
  113  7:14  Roach x3  
  120  7:18  Roach  
  120  7:19  Roach  
  125  7:22  Drone  
  125  7:31  Roach x4  
  125  7:36  Zerg Missile Weapons Level 1  
  125  7:37  Ravager x2  
  134  7:38  Ravager  
  134  7:39  Roach x5  
  134  7:41  Drone x2  
  134  7:42  Drone  
  134  7:43  Overlord  
  149  7:49  Roach x2, Extractor  
  152  7:53  Drone  
  152  7:55  Drone  
  152  7:56  Drone x2, Baneling Nest  
  155  8:03  Drone  
  155  8:05  Roach x3  
  162  8:07  Roach  
  162  8:08  Ravager x3  
  162  8:11  Zergling x6  
  162  8:12  Hatchery  
  169  8:14  Overlord  
  169  8:16  Zergling x6  
  169  8:18  Roach  
  174  8:23  Roach  
  174  8:24  Overlord  
  174  8:25  Overlord  
  176  8:27  Overlord  
  176  8:30  Overlord  
  176  8:33  Zergling x2  
  176  8:34  Zergling x12  
  181  8:35  Ravager x3  
  181  8:40  Centrifugal Hooks  
  181  8:41  Overlord  
  184  8:44  Zergling x10  
  184  8:48  Zergling x8  
  191  8:53  Drone x2  
  193  8:56  Zergling x6  
  196  9:03  Zergling x6  
  199  9:10  Baneling x6, Zergling x2  
  199  9:18  Zergling x2  
  198  9:28  Baneling x12  
  196  9:34  Zergling x8  
  196  9:37  Zergling x12  
  199  9:40  Zergling x10  
  199  9:44  Zergling x2  
  193  9:53  Roach x2  
  193  9:56  Baneling  
  193  9:59  Ravager  
  198  10:00  Ravager  
  198  10:01  Baneling x12  
  198  10:03  Zergling x8  
  198  10:06  Zergling x4  
  199  10:10  Baneling x16  
  199  10:11  Baneling x3  
  199  10:26  Zergling x20  
  197  10:32  Roach x3  
  174  10:37  Roach x2  
  174  10:38  Zergling x14  
  174  10:39  Zergling x12  
  173  10:48  Roach x2  
  173  10:49  Baneling x4  
  175  10:51  Ravager  
  175  10:53  Roach  
  175  10:54  Roach x2  
  162  10:58  Roach x12  
Show
View Real Time Build Order
Export as new Build Order

Krystianer Protoss - Winner!

Build Orders: 1 Gate Expand, Oracle Opening, Archon Immortal, Archon Drop 

Get SALT Encoding   

  12  0:00  Probe  
  13  0:12  Probe  
  14  0:19  Pylon  
  14  0:24  Probe (Chrono Boost)  
  15  0:38  Probe (Chrono Boost)  
  15  0:39  Gateway  
  16  0:45  Probe (Chrono Boost)  
  16  0:47  Assimilator  
  17  0:53  Probe  
  18  1:05  Probe  
  19  1:17  Probe  
  20  1:23  Nexus  
  20  1:32  Cybernetics Core  
  20  1:35  Probe  
  21  1:40  Assimilator  
  21  1:47  Probe  
  21  1:50  Pylon  
  22  1:59  Probe  
  23  2:06  Adept (Chrono Boost)  
  23  2:11  Probe  
  26  2:18  Stargate  
  26  2:23  Probe  
  26  2:26  Adept (Chrono Boost)  
  29  2:31  Warp Gate  
  29  2:35  Probe (Chrono Boost)  
  31  2:41  Probe (Chrono Boost)  
  32  2:44  Probe (Chrono Boost)  
  32  2:48  Probe (Chrono Boost)  
  32  2:49  Probe (Chrono Boost)  
  33  2:51  Adept  
  36  3:00  Probe  
  36  3:01  Probe  
  36  3:03  Oracle  
  41  3:12  Probe  
  42  3:14  Probe  
  43  3:24  Probe  
  43  3:26  Probe  
  45  3:29  Assimilator  
  45  3:30  Assimilator  
  43  3:38  Probe (Chrono Boost)  
  43  3:39  Gateway  
  43  3:40  Robotics Facility, Probe (Chrono Boost)  
  43  3:42  Pylon  
  43  3:46  Twilight Council  
  43  3:48  Probe (Chrono Boost)  
  45  3:51  Probe (Chrono Boost)  
  45  3:53  Probe (Chrono Boost)  
  46  4:01  Gateway  
  46  4:02  Probe  
  47  4:03  Gateway  
  47  4:04  Probe  
  48  4:14  Probe  
  48  4:16  Probe  
  50  4:23  Templar Archives  
  50  4:24  Pylon  
  50  4:25  Warp Prism (Chrono Boost)  
  50  4:29  Adept  
  54  4:42  Probe, Nexus  
  54  4:45  Pylon  
  55  4:48  Adept  
  55  4:49  Probe  
  58  4:54  Probe  
  59  5:01  Probe  
  59  5:06  Probe  
  61  5:09  High Templar x4  
  61  5:13  Archon x2  
  61  5:14  Probe  
  68  5:18  Probe  
  67  5:24  Forge  
  67  5:26  Probe  
  67  5:28  Pylon, Charge  
  68  5:30  Probe  
  68  5:33  Pylon  
  69  5:38  Probe  
  70  5:46  Probe, Immortal (Chrono Boost)  
  75  5:50  Probe  
  75  5:51  Zealot x4  
  84  5:57  Protoss Ground Weapons Level 1, Probe  
  84  5:58  Probe  
  84  6:02  Probe  
  87  6:09  Probe  
  87  6:10  Probe  
  89  6:14  Probe  
  88  6:18  Immortal (Chrono Boost)  
  88  6:21  Probe  
  88  6:22  Probe  
  88  6:26  Pylon, Probe  
  88  6:27  Sentry, Assimilator  
  88  6:28  Sentry  
  88  6:29  Assimilator  
  88  6:30  Sentry  
  95  6:33  Probe  
  95  6:34  Probe  
  95  6:36  Gateway  
  95  6:38  Gateway, Probe  
  95  6:39  Robotics Facility  
  98  6:40  Pylon  
  98  6:45  Gateway  
  99  6:48  Gateway  
  99  6:50  Immortal (Chrono Boost)  
  104  6:57  Photon Cannon  
  104  6:58  Pylon  
  104  7:00  Zealot x2  
  104  7:01  Zealot x2  
  110  7:08  Shield Battery  
  110  7:11  Shield Battery  
  110  7:14  Shield Battery  
  110  7:20  Immortal (Chrono Boost), Psionic Storm, Pylon  
  110  7:22  Phoenix (Chrono Boost)  
  116  7:34  Shield Battery  
  116  7:35  High Templar x2  
  116  7:37  Photon Cannon  
  117  7:38  Phoenix (Chrono Boost), Photon Cannon  
  117  7:44  Archon  
  119  7:46  Stalker x3  
  119  7:48  Probe  
  119  7:50  Stalker  
  126  7:51  Probe  
  126  7:52  Probe  
  126  7:57  Protoss Ground Weapons Level 2 (Chrono Boost)  
  125  7:58  Pylon  
  125  8:00  Pylon, Phoenix (Chrono Boost)  
  127  8:09  Photon Cannon  
  127  8:11  Pylon  
  127  8:14  High Templar, Zealot x2  
  133  8:21  High Templar  
  135  8:28  Probe  
  135  8:29  Zealot x4  
  135  8:33  Pylon  
  144  8:35  High Templar  
  144  8:37  Probe  
  147  8:46  High Templar  
  149  8:51  Observer (Chrono Boost)  
  149  8:52  Pylon  
  150  8:57  Zealot x4  
  158  9:06  Immortal (Chrono Boost)  
  162  9:13  Pylon, Zealot x3  
  162  9:14  Pylon  
  168  9:17  Nexus  
  168  9:22  Zealot x2  
  172  9:30  Pylon  
  176  9:35  Zealot x6  
  176  9:38  Immortal (Chrono Boost)  
  180  9:44  Immortal (Chrono Boost)  
  172  9:46  Zealot x2  
  172  9:57  High Templar x4, Zealot x2  
  172  10:10  Immortal (Chrono Boost)  
  176  10:22  Zealot  
  176  10:23  Zealot x3  
  170  10:32  Zealot x4  
  170  10:34  Immortal (Chrono Boost), Archon  
  160  10:43  Zealot x3  
  160  10:47  Immortal (Chrono Boost)  
  166  11:01  Zealot  
  166  11:02  Zealot x4  
  156  11:07  Archon  
  147  11:13  Zealot x3  
  147  11:16  Archon  
  147  11:19  Archon  
Tags
 
Add a new tag
Caveats
  • Supply blocks, unpowered buildings, or Contaminate may cause inaccurate times.
  • Supply counts are checked every 10 seconds.